Map: Iron Fortress LE (Void)

Players

Endless - Winner!

  • Race: Protoss Protoss

Shamanas

  • Race: Terran Terran

VOD

Have the link to the VOD?

Description

Time

  • Played on: May 2, 2015, 3:28 p.m.
  • Length: 19:20
Show
View Real Time Build Order
Export as new Build Order

Endless Protoss - Winner!

Build Orders: 1 Gate Expand 

Get SALT Encoding   

  12  0:01  Probe  
  13  0:14  Pylon  
  13  0:18  Probe  
  14  0:32  Probe  
  14  0:33  Gateway  
  15  0:41  Assimilator  
  15  0:44  Probe (Chrono Boost)  
  16  0:56  Probe (Chrono Boost)  
  17  1:02  Probe (Chrono Boost)  
  18  1:13  Probe  
  19  1:21  Nexus  
  19  1:27  Probe  
  20  1:34  Cybernetics Core  
  20  1:41  Assimilator  
  20  1:42  Probe  
  21  1:54  Probe (Chrono Boost)  
  22  1:55  Pylon  
  22  2:11  Pylon  
  22  2:12  Warp Gate  
  22  2:13  Probe (Chrono Boost)  
  23  2:18  Adept  
  25  2:25  Mothership Core (Chrono Boost)  
  27  2:39  Probe  
  27  2:50  Adept  
  29  2:52  Probe (Chrono Boost)  
  30  2:59  Probe (Chrono Boost)  
  30  3:04  Probe (Chrono Boost)  
  32  3:09  Probe (Chrono Boost)  
  32  3:12  Probe (Chrono Boost)  
  34  3:16  Probe  
  34  3:17  Stalker  
  34  3:18  Robotics Facility  
  37  3:22  Probe  
  38  3:32  Probe  
  38  3:34  Probe  
  40  3:44  Probe (Chrono Boost)  
  40  3:46  Probe (Chrono Boost)  
  42  3:56  Probe (Chrono Boost)  
  42  3:58  Probe (Chrono Boost)  
  42  4:01  Assimilator  
  44  4:04  Assimilator  
  44  4:05  Probe (Chrono Boost)  
  44  4:06  Probe (Chrono Boost), Observer, Pylon  
  44  4:09  Pylon  
  47  4:11  Pylon  
  47  4:13  Probe (Chrono Boost)  
  49  4:18  Probe (Chrono Boost)  
  49  4:25  Probe (Chrono Boost)  
  49  4:31  Probe (Chrono Boost)  
  49  4:33  Probe (Chrono Boost)  
  49  4:35  Immortal (Chrono Boost)  
  54  4:39  Probe  
  54  4:41  Gateway  
  54  4:43  Probe, Gateway  
  56  5:02  Pylon  
  56  5:03  Stalker  
  58  5:09  Gateway  
  58  5:11  Pylon  
  57  5:15  Immortal (Chrono Boost)  
  57  5:19  Pylon  
  61  5:25  Forge  
  61  5:27  Robotics Bay  
  61  5:34  Stalker  
  63  5:37  Stalker  
  65  5:48  Probe  
  64  5:50  Warp Prism (Chrono Boost)  
  66  6:02  Gateway, Nexus  
  66  6:04  Gateway  
  66  6:05  Protoss Ground Armor Level 1  
  66  6:06  Pylon  
  66  6:07  Probe x2  
  72  6:19  Probe  
  73  6:25  Disruptor (Chrono Boost)  
  73  6:30  Extended Thermal Lance  
  73  6:31  Probe  
  74  6:33  Probe  
  74  6:36  Photon Cannon  
  74  6:37  Pylon  
  74  6:38  Disruptor  
  75  6:43  Twilight Council, Probe  
  75  6:47  Probe  
  77  6:54  Colossus (Chrono Boost)  
  77  6:56  Probe  
  77  6:59  Probe  
  85  7:04  Gateway  
  85  7:05  Gateway  
  85  7:09  Probe  
  85  7:11  Probe  
  87  7:22  Probe  
  88  7:23  Pylon  
  88  7:24  Stalker  
  88  7:28  Probe  
  88  7:29  Probe  
  92  7:34  Probe, Disruptor  
  92  7:37  Colossus (Chrono Boost)  
  99  7:47  Probe x3  
  99  7:49  Assimilator  
  102  7:52  Zealot x2  
  102  7:53  Zealot x3, Assimilator  
  102  7:57  Gateway  
  112  7:59  Probe  
  112  8:03  Gateway  
  111  8:13  Probe  
  100  8:22  Colossus (Chrono Boost)  
  98  8:33  Stalker x2  
  102  8:34  Zealot x4  
  102  8:40  Probe x2  
  112  8:44  Protoss Ground Weapons Level 1 (Chrono Boost)  
  112  8:45  Charge (Chrono Boost)  
  112  8:53  Nexus, Pylon  
  112  8:55  Zealot x3, Pylon  
  112  8:56  Zealot x2  
  112  8:58  Pylon  
  122  9:14  Pylon  
  122  9:17  Templar Archives, Pylon  
  122  9:20  Immortal (Chrono Boost)  
  122  9:22  Zealot x5  
  136  9:29  Probe  
  136  9:30  Probe  
  138  9:34  Forge  
  138  9:37  Forge  
  138  9:40  Psionic Storm  
  136  9:49  Zealot x4  
  138  9:57  High Templar x4  
  138  9:58  High Templar  
  138  9:59  Probe  
  148  10:00  Probe  
  140  10:12  Probe, Pylon  
  141  10:14  Probe  
  141  10:19  Dark Shrine  
  142  10:23  Photon Cannon  
  142  10:24  Photon Cannon  
  142  10:25  Pylon  
  142  10:27  High Templar x3  
  142  10:28  High Templar x2  
  152  10:31  Archon  
  152  10:32  Archon, High Templar  
  152  10:35  Zealot x4  
  162  10:38  Archon  
  162  10:41  Immortal (Chrono Boost)  
  166  10:44  Protoss Ground Weapons Level 2 (Chrono Boost)  
  166  10:45  Protoss Ground Armor Level 2 (Chrono Boost)  
  166  10:46  Protoss Shields Level 1 (Chrono Boost)  
  161  11:05  Stalker x3  
  161  11:07  Probe x2  
  161  11:08  Probe x2  
  171  11:13  Warp Prism  
  173  11:25  Pylon  
  173  11:28  Zealot  
  173  11:29  Pylon  
  175  11:33  Dark Shrine  
  175  11:39  Nexus  
  174  11:43  Zealot  
  174  11:44  Zealot x4  
  183  12:01  High Templar x2  
  184  12:02  High Templar x2  
  184  12:03  Zealot  
  184  12:05  Archon  
  184  12:06  Archon  
  192  12:15  Gateway  
  192  12:18  Gateway  
  192  12:20  Gateway, Pylon  
  192  12:22  Pylon  
  192  12:24  Pylon  
  180  12:50  Observer  
  171  12:54  High Templar x3  
  177  13:03  Stalker x7  
  191  13:06  Pylon  
  191  13:11  Assimilator  
  191  13:13  Probe x3  
  191  13:14  Assimilator  
  194  13:24  Protoss Ground Weapons Level 3 (Chrono Boost)  
  194  13:25  Protoss Ground Armor Level 3 (Chrono Boost)  
  194  13:26  Stalker x3  
  200  13:34  Pylon  
  168  14:10  Stargate  
  168  14:13  Stargate, Assimilator  
  168  14:17  Pylon, Assimilator  
  167  14:19  Observer  
  167  14:21  Pylon  
  168  14:36  Blink (Chrono Boost)  
  155  14:58  Stalker x3  
  155  14:59  Stalker x2  
  134  15:17  Stalker x4  
  134  15:18  Stalker x4  
  120  15:29  Stalker x4  
  120  15:41  Void Ray x2 (Chrono Boost)  
  128  15:55  High Templar  
  128  16:01  Assimilator  
  128  16:03  Zealot x8  
  128  16:04  Zealot x4  
  152  16:18  Photon Cannon  
  152  16:20  Photon Cannon  
  152  16:22  Photon Cannon  
  152  16:24  Photon Cannon  
  152  16:25  Protoss Shields Level 2 (Chrono Boost)  
  152  16:26  Photon Cannon  
  156  16:36  Void Ray x2  
  138  17:13  Zealot x7  
  138  17:14  Zealot x6  
  164  17:17  Observer  
  164  17:19  Void Ray x2  
  173  17:26  Pylon  
  173  17:27  Protoss Air Weapons Level 1 (Chrono Boost)  
  172  17:36  Observer  
  171  17:56  Stalker x6  
  171  17:57  Stalker  
  175  18:16  Void Ray x2 (Chrono Boost)  
  175  18:25  Zealot x7  
  175  18:26  Zealot x6  
  191  18:39  Observer (Chrono Boost)  
  192  18:54  Nexus  
  188  19:03  Nexus  
  174  19:12  Stalker x6  
  174  19:13  Stalker x5  
  174  19:14  Stalker x2  
Show
View Real Time Build Order
Export as new Build Order

Shamanas Terran 

Build Orders: Reaper Expand, Mech 

Get SALT Encoding   

  12  0:01  SCV  
  13  0:13  SCV  
  14  0:17  Supply Depot  
  14  0:25  SCV  
  15  0:39  SCV, Barracks  
  16  0:45  Refinery  
  16  0:51  SCV  
  17  1:03  SCV  
  18  1:15  SCV  
  19  1:27  Reaper  
  19  1:28  Orbital Command  
  20  1:46  Command Center  
  20  1:56  SCV, Supply Depot  
  21  2:01  Barracks Reactor  
  21  2:08  SCV  
  22  2:20  SCV  
  22  2:21  Refinery  
  22  2:22  Factory  
  23  2:32  SCV  
  24  2:43  Marine x2  
  26  2:44  SCV  
  27  2:53  Supply Depot  
  27  2:56  SCV  
  28  3:07  Command Center, Factory Tech Lab  
  28  3:13  Orbital Command  
  28  3:15  SCV  
  29  3:22  Marine x2  
  31  3:27  SCV  
  32  3:34  Bunker  
  32  3:38  SCV  
  32  3:40  Marine x2  
  35  3:42  Cyclone  
  35  3:43  SCV  
  39  3:50  SCV  
  39  3:59  Marine x2  
  39  4:00  SCV  
  43  4:02  SCV  
  43  4:11  Missile Turret  
  43  4:12  SCV  
  43  4:15  Missile Turret  
  43  4:19  Factory  
  43  4:31  Marine x2  
  44  4:33  Cyclone  
  44  4:34  Orbital Command  
  44  4:35  SCV x2  
  44  4:36  Refinery  
  50  4:38  Refinery  
  50  4:43  Starport  
  50  4:47  SCV x2  
  52  4:59  SCV  
  53  5:05  SCV x2  
  55  5:20  SCV x3  
  58  5:23  Starport Tech Lab  
  58  5:25  Cyclone, Hellion  
  58  5:26  Hellion  
  65  5:28  Armory x2  
  65  5:32  SCV x2  
  63  5:46  SCV x2  
  63  5:48  Banshee, Cloaking Field  
  63  5:49  Hellion  
  69  5:56  Orbital Command  
  68  5:57  Supply Depot  
  68  6:02  Supply Depot  
  68  6:05  Infernal Pre-Igniter  
  68  6:18  Cyclone  
  68  6:19  Hellion  
  68  6:20  SCV x2  
  68  6:22  Terran Vehicle And Ship Armor Level 1, Terran Vehicle and Ship Weapons Level 1  
  68  6:25  Hellion  
  77  6:33  Refinery  
  77  6:34  Refinery  
  77  6:41  SCV x2, Bunker  
  77  6:43  SCV  
  80  6:47  Banshee  
  80  6:53  SCV  
  83  6:55  SCV x2  
  85  7:04  Factory  
  85  7:05  Starport  
  85  7:12  Missile Turret  
  85  7:14  Siege Tank  
  85  7:15  Hellion, Hellbat  
  83  7:17  SCV  
  83  7:18  SCV  
  85  7:25  Missile Turret  
  85  7:30  Missile Turret x2  
  85  7:31  Missile Turret  
  85  7:38  Supply Depot x3  
  85  7:44  SCV  
  85  7:50  Factory Tech Lab, Starport Reactor  
  85  7:51  Starport  
  85  7:58  Starport  
  85  7:59  SCV x3, Supply Depot, Cyclone, Starport, Fusion Core  
  85  8:00  Hellion, Hellbat  
  94  8:13  SCV x3  
  93  8:25  SCV x3  
  93  8:26  Terran Vehicle And Ship Armor Level 2, Hellion x2, Terran Vehicle and Ship Weapons Level 2  
  95  8:37  Cyclone x2  
  95  8:41  Starport Reactor  
  101  8:42  Starport Tech Lab x2  
  101  8:45  Viking  
  101  8:46  SCV  
  101  8:47  SCV  
  101  8:48  Hellion  
  105  8:59  Hellion x2  
  105  9:00  SCV x3  
  112  9:07  Command Center  
  112  9:16  SCV x3  
  115  9:19  Viking  
  117  9:44  Banshee  
  116  9:46  Banshee  
  116  9:52  Viking  
  117  9:57  Refinery  
  117  10:00  Refinery  
  117  10:04  Missile Turret  
  117  10:05  Missile Turret  
  117  10:06  Supply Depot  
  117  10:07  Supply Depot  
  117  10:09  Hellion x5  
  117  10:10  Supply Depot  
  117  10:13  Hyperflight Rotors  
  117  10:14  Unknown  
  117  10:18  Banshee  
  117  10:19  Cyclone, Viking x2, Hellbat x2  
  131  10:25  Supply Depot  
  131  10:26  Supply Depot  
  131  10:28  Cyclone, Viking  
  136  10:35  Engineering Bay  
  135  10:43  SCV x4  
  139  10:55  SCV  
  139  11:04  Hellion x3  
  137  11:07  Planetary Fortress  
  137  11:08  SCV x2  
  137  11:10  Viking x3  
  137  11:11  Terran Vehicle and Ship Weapons Level 3  
  147  11:21  SCV x3  
  150  11:33  SCV  
  150  11:37  Barracks  
  150  11:39  Barracks  
  151  11:40  Ghost Academy  
  151  11:45  Battlecruiser x2  
  151  11:46  Battlecruiser  
  154  11:57  SCV x4  
  154  12:02  Supply Depot x3  
  154  12:03  Missile Turret  
  154  12:06  Supply Depot  
  154  12:08  Missile Turret  
  154  12:09  Weapon Refit  
  154  12:18  Hellbat  
  154  12:19  Hellbat x3  
  162  12:28  Barracks Tech Lab  
  162  12:30  Barracks Tech Lab  
  162  12:31  SCV  
  158  12:47  SCV x3  
  158  12:49  Battlecruiser  
  158  12:50  Hellbat x3  
  170  12:58  Battlecruiser  
  176  13:02  Battlecruiser  
  176  13:05  SCV x2  
  183  13:08  Ghost  
  183  13:12  Ghost  
  188  13:39  Viking  
  190  13:42  Personal Cloaking  
  185  13:54  Battlecruiser  
  179  13:58  SCV x3  
  180  14:10  SCV x2  
  181  14:20  SCV x2  
  183  14:27  Command Center  
  183  14:36  Hellbat  
  185  14:49  Battlecruiser  
  188  14:56  Battlecruiser  
  173  15:10  Battlecruiser  
  173  15:12  Hellbat x3  
  127  15:30  Ghost  
  127  15:31  Ghost  
  127  15:35  Viking  
  119  15:40  Missile Turret  
  113  15:44  Hellbat  
  115  15:53  Battlecruiser  
  115  15:58  SCV x2  
  117  16:08  Battlecruiser, Refinery x2  
  123  16:11  Hellbat  
  123  16:12  Hellbat x2  
  123  16:13  SCV x2  
  123  16:16  Planetary Fortress  
  130  16:28  Banshee  
  130  16:49  Viking  
  130  16:52  SCV x2  
  130  16:57  Banshee  
  131  17:11  Banshee x2  
  137  17:18  Ghost  
  137  17:19  Hellbat  
  138  17:47  Battlecruiser, Viking  
  132  17:54  Command Center  
  132  17:57  Hellbat x4  
  109  18:13  Viking x2  
  109  18:18  SCV x3  
  102  18:24  SCV x2  
  103  18:30  SCV  
  103  18:34  SCV x2  
  104  18:36  SCV  
  107  18:43  SCV x2  
  107  18:46  SCV  
  107  18:47  SCV  
  111  18:48  SCV  
Tags
 
Add a new tag
Caveats
  • Supply blocks, unpowered buildings, or Contaminate may cause inaccurate times.
  • Supply counts are checked every 10 seconds.